 Dungeon Sprint DCSS version 0.29.1-1-gd02db6906a (webtiles) character file.

Game seed: 218464800394003175

478 Arandomuser85 the Unseen (level 7, 0/44 HPs)
             Began as a Kobold Brigand on Oct 5, 2022.
             Was an Initiate of Dithmenos.
             Killed by vampiric draining
             ... invoked by a vampire
              (10 damage)
             ... in the Dungeon (Sprint IX: "|||||||||||||||||||||||||||||").
             The game lasted 00:01:41 (254 turns).

Arandomuser85 the Unseen (Kobold Brigand)            Turns: 254, Time: 00:01:41

Health: 0/44       AC:  4    Str: 14    XL:     7   Next: 33%
Magic:  7/7        EV: 17    Int: 12    God:    Dithmenos [......]
Gold:   0          SH:  0    Dex: 19    Spells: 6/6 levels left

rFire   . . .      SeeInvis .   o - +2 rapier (venom)
rCold   . . .      Faith    .   (no shield)
rNeg    . . .      Spirit   .   b - +0 robe
rPois   .          Reflect  .   (no helmet)
rElec   .          Harm     .   c - +0 cloak
rCorr   .          Rampage  .   p - +0 pair of gloves
Will    .....      NoTele   +   (no boots)
Stlth   ++++++++..              (no amulet)
HPRegen 0.14/turn               q - +3 ring of strength
MPRegen 0.10/turn               r - +3 ring of strength

@: no status effects
A: small, no large weapons, nightstalker 3
a: Renounce Religion


You were in the Dungeon.
You worshipped Dithmenos.
Dithmenos was noncommittal.
You visited 1 branch

Inventory:

Hand Weapons
 a - a +2 dagger
 l - a +0 dagger
 o - a +2 rapier of venom (weapon)
Missiles
 d - 9 poisoned darts (quivered)
 e - 3 curare-tipped darts
Armour
 b - a +0 robe (worn)
 c - a +0 cloak (worn)
 p - a +0 pair of gloves (worn)
Jewellery
 q - a +3 ring of strength (left hand)
 r - a +3 ring of strength (right hand)
Wands
 n - a wand of quicksilver (7)
Scrolls
 k - a scroll of blinking
 m - 2 scrolls of amnesia
Potions
 f - 5 potions of curing
 g - a potion of invisibility
 h - a potion of haste
 i - 4 potions of magic


   Skills:
 + Level 5.4 Fighting
 + Level 9.2 Short Blades
 - Level 2.1 Throwing
 + Level 4.7 Dodging
 + Level 16.8 Stealth


You had 6 spell levels left.
You didn't know any spells.
Your spell library was empty.

Dungeon Overview and Level Annotations

Branches:
Dungeon (1/1)

Altars:
Cheibriados
Dithmenos
Elyvilon
Fedhas
Gozag
Hepliaklqana
Kikubaaqudgha
Makhleb
Nemelex Xobeh
Okawaru
Qazlal
Ru
Sif Muna
Trog
Uskayaw
Vehumet
Wu Jian
Xom
Yredelemnul
Zin
The Shining One
Jiyva
Lugonu


Innate Abilities, Weirdness & Mutations

You are small and have problems with some larger weapons.
You are completely attuned to the shadows.


Message History

The vampire barely misses you.
You see here a +0 cloak.
The vampire attacks as you move away! The vampire barely misses you.
The vampire bites you.
The vampire draws strength from your injuries!
Items here: ))))).
You hit the vampire but do no damage.
The vampire is lightly damaged.
The vampire hits you! The vampire barely misses you.
Blink to where?
Press: ? - help, Q - select action, (/) - cycle Dir - move target
As you read the scroll of blinking, it crumbles to dust.
Aiming: Quicksilver Bolt
Press: ? - help, Q - select action, (/) - cycle Shift-Dir - straight line, f - vampire
Aim: a vampire (translocational energy, 71% to hit)
The bolt of dispelling energy hits the vampire!
The vampire is moderately damaged.
Aiming: Quicksilver Bolt
Press: ? - help, Q - select action, (/) - cycle Shift-Dir - straight line, f/p - vampire
Aim: a vampire (moderately damaged, 71% to hit)
The bolt of dispelling energy hits the vampire!
The vampire is severely damaged.
Aiming: Quicksilver Bolt
Press: ? - help, Q - select action, (/) - cycle Shift-Dir - straight line, f/p - vampire
Aim: a vampire (severely damaged, 71% to hit)
The bolt of dispelling energy hits the vampire!
The vampire is almost destroyed.
The bolt of dispelling energy hits the yak!
The yak is moderately wounded.
You hit the vampire but do no damage.
The vampire is almost destroyed.
The vampire hits you.
* * * LOW HITPOINT WARNING * * *
The vampire bites you.
* * * LOW HITPOINT WARNING * * *
The vampire draws strength from your injuries!
You barely miss the vampire.
The vampire is almost destroyed.
The vampire draws life force from you!
You die...

▓_▓
▓_▓
▓_▓
▓_▓
▓_▓
▓_▓
▓_▓
▓_▓
▓@▓
▓V▓
▓Y▓
▓.▓
▓O▓
▓)▓
▓Y▓
▓[▓
▓O▓


You could see a two-headed ogre, a yak and a vampire.

Vanquished Creatures
  A komodo dragon (D)
  A shadow (D)
  A scorpion (D)
  A gnoll (D)
  A shadow imp (D)
  2 orcs (D)
  An endoplasm (D)
  3 goblins (D)
  A hobgoblin (D)
12 creatures vanquished.

Notes
Turn   | Place    | Note
-------+----------+-------------------------------------------
     0 | D        | Arandomuser85 the Kobold Brigand began the quest for the
                  | Orb.
     0 | D        | Reached XP level 1. HP: 12/12 MP: 1/1
     6 | D        | Reached skill level 6 in Stealth
    20 | D        | Reached skill level 7 in Stealth
    20 | D        | Reached XP level 2. HP: 12/18 MP: 2/2
   128 | D        | Noticed a scorpion
   138 | D        | Reached skill level 8 in Stealth
   142 | D        | Reached XP level 3. HP: 22/22 MP: 3/3
   145 | D        | Reached skill level 9 in Stealth
   148 | D        | Killed a scorpion
   149 | D        | Reached skill level 5 in Short Blades
   149 | D        | Reached skill level 11 in Stealth
   149 | D        | Reached XP level 4. HP: 28/28 MP: 4/4
   154 | D        | Found a snail-covered altar of Cheibriados.
   154 | D        | Found a shadowy altar of Dithmenos.
   155 | D        | Found a white marble altar of Elyvilon.
   156 | D        | Found a blossoming altar of Fedhas.
   157 | D        | Found an opulent altar of Gozag.
   158 | D        | Found a hazy altar of Hepliaklqana.
   159 | D        | Found a viscous altar of Jiyva.
   160 | D        | Found an ancient bone altar of Kikubaaqudgha.
   161 | D        | Found a corrupted altar of Lugonu.
   162 | D        | Found a burning altar of Makhleb.
   163 | D        | Found a sparkling altar of Nemelex Xobeh.
   164 | D        | Found an iron altar of Okawaru.
   165 | D        | Found a stormy altar of Qazlal.
   173 | D        | Became a worshipper of Dithmenos the Shadowed
   181 | D        | Found a sacrificial altar of Ru.
   182 | D        | Found a shimmering blue altar of Sif Muna.
   183 | D        | Found a bloodstained altar of Trog.
   184 | D        | Found a hide-covered altar of Uskayaw.
   185 | D        | Found a radiant altar of Vehumet.
   186 | D        | Found an ornate altar of the Wu Jian Council.
   187 | D        | Found a shimmering altar of Xom.
   188 | D        | Found a basalt altar of Yredelemnul.
   189 | D        | Found a glowing silver altar of Zin.
   190 | D        | Found a glowing golden altar of the Shining One.
   219 | D        | Noticed a komodo dragon
   219 | D        | Noticed a shadow
   219 | D        | Noticed a vampire
   220 | D        | Noticed a yak
   221 | D        | Killed a komodo dragon
   222 | D        | Reached skill level 15 in Stealth
   222 | D        | Reached XP level 5. HP: 34/34 MP: 5/5
   222 | D        | Reached XP level 6. HP: 40/40 MP: 6/6
   222 | D        | Noticed a two-headed ogre
   223 | D        | Killed a shadow
   224 | D        | Reached skill level 5 in Fighting
   224 | D        | Reached skill level 16 in Stealth
   224 | D        | Reached XP level 7. HP: 44/44 MP: 7/7
   224 | D        | Noticed a wyvern
   254 | D        | Killed from afar by a vampire

Illustrated notes

Levels and vault maps discovered:
D:        linesprint [early_d, line_temple, items_1, d_10, items_2, lair_1,
          lair_end, items_3, orc_1, orc_end, items_4, d_15, swamp_1, shoals_1,
          snake_1, spider_1, d_20, vaults_1, items_5, swamp_end, shoals_end,
          snake_end, spider_end, vaults_end, d_27, items_6, zot_1, zot_end,
          crypt_end, forest_end, elf_end, slime_end, tomb_end, abyss_end,
          pan_hell_end]

Skill      XL: |  1  2  3  4  5  6 |
---------------+-------------------+-----
Stealth        | 7 8 11 15 16 | 16.8
Short Blades   | 3 5 8 9 |  9.2
Fighting       | 3 4 5 |  5.4
Dodging        | 2 4 |  4.7
Throwing       | |  2.1

Action                   |  1- 3 |  4- 6 |  7- 9 || total
-------------------------+-------+-------+-------++-------
Melee: Dagger            |    30 |       |       ||    30
       Punch             |     1 |       |       ||     1
       Rapier            |       |     2 |    11 ||    13
Evoke: Wand              |       |       |     3 ||     3
  Use: Potion            |     2 |       |     2 ||     4
       Scroll            |       |       |     1 ||     1
 Stab: Sleeping          |     2 |     2 |       ||     4
Armor: Robe              |     1 |       |     2 ||     3
Dodge: Dodged            |    18 |       |    16 ||    34
